 Dungeon Crawl Stone Soup version 0.20.0 (webtiles) character file.

156 Eucla the Ducker (level 5, -4/45 HPs)
             Began as a Minotaur Enchanter on May 31, 2017.
             Slain by tijit's ghost (9 damage)
             ... on level 4 of the Dungeon.
             The game lasted 00:03:12 (2095 turns).

Eucla the Ducker (Minotaur Enchanter)               Turns: 2095, Time: 00:03:12

Health: -4/45      AC: 12    Str: 12    XL:     5   Next: 14%
Magic:  6/6        EV:  4    Int: 12    God:
Gold:   101        SH:  0    Dex: 12    Spells: 6/6 levels left

rFire    . . .     SeeInvis .   o - +1 mace
rCold    . . .     Gourm    .   (no shield)
rNeg     . . .     Faith    .   h - +0 plate armour
rPois    .         Spirit   .   (helmet restricted)
rElec    .         Reflect  .   (no cloak)
rCorr    .         Harm     .   (no gloves)
MR       .....                  q - +0 pair of boots
Stlth    ..........             (no amulet)
Regen    0.2/turn               (no ring)
MPRegen  0.1/turn               (no ring)

@: no status effects
A: retaliatory headbutt, horns 2
a: no special abilities


You were on level 4 of the Dungeon.
You were full.

You visited 1 branch of the dungeon, and saw 4 of its levels.

You collected 101 gold pieces.

Inventory:

Hand Weapons
 a - a +1 dagger
 o - a +1 mace (weapon)
Missiles
 e - 6 javelins of penetration (quivered)
Armour
 b - a +0 robe
 h - a +0 plate armour (worn)
 q - a +0 pair of boots (worn)
Jewellery
 j - an uncursed ring of protection from fire
Books
 c - a book of Maledictions

   Spells                             Type                      Level
   a - Corona                         Hexes                        1
   b - Ensorcelled Hibernation        Hexes/Ice                    2
   c - Confuse                        Hexes                        3
   d - Tukima's Dance                 Hexes                        3
   e - Dazzling Spray                 Conjuration/Hexes            3
Comestibles
 d - a bread ration


   Skills:
 + Level 3.4 Fighting
 - Level 1.1 Short Blades
 + Level 3.3 Armour
 + Level 3.5 Dodging
 - Level 2.4 Stealth
 - Level 1.3 Spellcasting
   Level 2.0 Hexes


You had 6 spell levels left.
You didn't know any spells.

Dungeon Overview and Level Annotations

Branches:
Dungeon (4/15)
 Temple: D:4-7

Altars:
Dithmenos
Vehumet

Annotations:
D:3 Grinder, Sigmund
D:4 tijit's ghost, amateur GrGl


Innate Abilities, Weirdness & Mutations

You reflexively headbutt those who attack you in melee.
You have a pair of horns on your head.


Message History

You hit tijit's ghost but do no damage. Your headbutt misses tijit's ghost.
Tijit's ghost hits you!
Your plate armour prevents you from hitting tijit's ghost.
Tijit's ghost hits you but does no damage.
Tijit's ghost completely misses you.
Unknown command.
You hit tijit's ghost but do no damage.
Tijit's ghost hits you but does no damage.
Unknown command.
You hit tijit's ghost but do no damage. Tijit's ghost hits you!
* * * LOW HITPOINT WARNING * * *
Tijit's ghost hits you.
* * * LOW HITPOINT WARNING * * *
Your plate armour prevents you from hitting tijit's ghost.
Tijit's ghost hits you but does no damage.
Unknown command.
You hit tijit's ghost but do no damage. Tijit's ghost hits you.
* * * LOW HITPOINT WARNING * * *
Tijit's ghost hits you!
You die...

#.#
################
#.#
#.......?.......
#.#
#.##############
#.# #.# #.# #.#
#.# #.# #.#
####.# #W#
#.##.# #.#
#.@.(# #.#
#W#### #.#####.#
#...W...#
#########


You could see tijit's ghost.

Vanquished Creatures
  An ogre (D:4)
  An ooze (D:4)
  2 worms
  4 dart slugs
  3 leopard geckos
  An orc (D:3)
  6 bats
  4 giant cockroaches
  5 goblins
  4 hobgoblins
  2 jackals (D:2)
  5 kobolds
  A ball python (D:1)
  3 frilled lizards
  9 rats
51 creatures vanquished.

Notes
Turn   | Place    | Note
-------+----------+-------------------------------------------
     0 | D:1      | Eucla the Minotaur Enchanter began the quest for the Orb.
     0 | D:1      | Reached XP level 1. HP: 14/14 MP: 1/1
   200 | D:1      | Reached skill level 1 in Fighting
   203 | D:1      | Reached skill level 1 in Armour
   215 | D:1      | Reached XP level 2. HP: 21/23 MP: 3/3
   614 | D:1      | Reached XP level 3. HP: 24/29 MP: 4/4
   891 | D:2      | Found a radiant altar of Vehumet.
   892 | D:2      | Found a shadowy altar of Dithmenos.
  1372 | D:3      | Noticed Sigmund
  1506 | D:3      | Reached XP level 4. HP: 36/37 MP: 5/5
  1643 | D:3      | Noticed Grinder
  1662 | D:3      | HP: 1/37 [Grinder/nerve-wracking pain (4)]
  2033 | D:4      | Noticed an ogre
  2037 | D:4      | Killed an ogre
  2037 | D:4      | Reached XP level 5. HP: 20/45 MP: 6/6
  2060 | D:4      | Noticed tijit's ghost (amateur GrGl)
  2095 | D:4      | Slain by tijit's ghost

Skill      XL: |  1  2  3  4 |
---------------+-------------+-----
Fighting       | 1 2 3 |  3.4
Armour         | 1 2 3 |  3.3
Dodging        | 3 |  3.5
Short Blades   | |  1.1
Stealth        | |  2.4
Spellcasting   | |  1.3
Hexes          | |  2.0

Action                   |  1- 3 |  4- 6 || total
-------------------------+-------+-------++-------
Melee: Dagger            |   104 |       ||   104
       Headbutt          |    21 |     4 ||    25
       Mace              |    62 |    25 ||    87
  Use: Scroll            |     9 |       ||     9
       Potion            |       |     2 ||     2
 Stab: Sleeping          |     2 |       ||     2
  Eat: Fruit             |    10 |       ||    10
       Chunk             |     1 |       ||     1
Armor: Robe              |     4 |       ||     4
       Plate armour      |   154 |    12 ||   166
Dodge: Dodged            |    31 |     8 ||    39
